 Dungeon Crawl Stone Soup version 0.31-a0-167-g1c394c0614 (webtiles) character file.

Game seed: 4701077938735518447

447 qw the Chopper (level 7, -1/43 HPs)
             Began as a Gargoyle Fighter on June 14, 2023.
             Slain by an iguana (5 damage)
             ... on level 5 of the Dungeon.
             The game lasted 00:01:59 (3911 turns).

qw the Chopper (Gargoyle Fighter)                   Turns: 3911, Time: 00:02:00

Health: -1/43      AC: 18    Str: 21    XL:     7   Next: 3%
Magic:  7/7        EV:  8    Int:  9    God:
Gold:   189        SH:  4    Dex:  9    Spells: 6/6 levels left

rFire   . . .        Y - +0 war axe
rCold   . . .        c - +0 buckler
rNeg    + . .        k - +0 chain mail
rPois   inf          b - +0 helmet
rElec   +            m - +0 cloak
rCorr   .            o - +0 pair of gloves
SInv    .            h - +0 pair of boots
Will    +....        (no amulet) Stlth
                     a - ring of willpower
HPRegen 0.27/turn    (no ring)
MPRegen 0.10/turn

%: no passive effects
@: no status effects
A: sickness immunity, AC +4, negative energy resistance 1, electricity
resistance, torment resistance 1, petrification resistance
a: no special abilities


You were on level 5 of the Dungeon.
You visited 1 branch of the dungeon, and saw 5 of its levels.

You collected 189 gold pieces.


Innate Abilities, Weirdness & Mutations

You are immune to sickness and miasma.
Your stone body is resilient. (AC +4)
You are immune to poison.
You resist negative energy. (rN+)
You are resistant to electric shocks. (rElec)
You are resistant to unholy torment.
You are immune to petrification.


   Skills:
 - Level 4.0 Fighting
 - Level 6.0 Axes
 + Level 3.6 Armour
 - Level 1.0 Dodging
 - Level 3.2 Shields


You had 6 spell levels left.
You didn't know any spells.
Your spell library was empty.

Inventory:

Hand Weapons
 n - a +0 flail
 Y - a +0 war axe (weapon)
Missiles
 l - 2 boomerangs (quivered)
Armour
 b - a +0 helmet (worn)
 c - a +0 buckler (worn)
 h - a +0 pair of boots (worn)
 k - a +0 chain mail (worn)
 m - a +0 cloak (worn)
 o - a +0 pair of gloves (worn)
Jewellery
 a - a ring of willpower (left hand)
Scrolls
 g - 2 scrolls of identify
Potions
 d - a potion of might
 e - a potion of mutation {unknown}
 f - a potion of haste {unknown}
 i - 3 potions of curing
 j - a potion of enlightenment {unknown}

Dungeon Overview and Level Annotations

Branches:
Dungeon (5/15)
 Temple: D:4-7

Altars:

Annotations:
D:2 exclusion: 2 kobolds
D:4 3 runed translucent doors, qw's ghost, novice GrFi
D:5 Eustachio


Message History

You closely miss the ogre. The ogre hits you with a +0 giant club.
The iguana bites you.
The iguana bites you but does no damage.
You hit the iguana.
The iguana is moderately wounded.
You hit the ogre. The ogre hits you with a +0 giant club.
The iguana barely misses you.
Eustachio gestures wildly while chanting.
Eustachio blinks!
You barely miss the iguana.
The iguana is moderately wounded.
You hit the ogre. The ogre closely misses you. You block the iguana's attack.
You hit the iguana.
The iguana is heavily wounded.
You hit the ogre. The iguana closely misses you.
The ogre hits you with a +0 giant club!
You closely miss the iguana.
The iguana is heavily wounded.
You hit the ogre but do no damage. The iguana bites you.
An ogre comes into view. It is wielding a +0 giant club.
The ogre shouts!
You hit the iguana.
The iguana is almost dead.
You barely miss the ogre.
Eustachio mumbles some strange words.
Eustachio blinks!
The ogre hits you but does no damage.
The iguana bites you but does no damage.
The iguana closely misses you.
You barely miss the iguana.
The iguana is almost dead.
You hit the ogre. The ogre hits you with a +0 giant club!
The iguana bites you but does no damage.
You closely miss the iguana.
The iguana is almost dead.
You barely miss the ogre. The ogre hits you but does no damage.
The iguana bites you.
You die...

.. .#.# #.# ### @..#
.... ..##...
.#..##...O¤ ###
.....$....## ..#
>..........# #.##
#....lO...####..#
#@.........## .
..###.........).##...
............##..)......
#######......<..)....##
#............#.#
#..............#
#..########.......
#..## ....... ...#
#....##


You could see Eustachio, 2 ogres and an iguana.

Vanquished Creatures
  A phantom (D:2)
  A scorpion (D:4)
  A jelly (D:4)
  An orc priest (D:4)
  2 orc wizards
  6 adders
  3 gnolls (D:3)
  A worm (D:2)
  3 dart slugs
  11 orcs
  6 ball pythons
  7 endoplasms
  5 giant cockroaches
  8 hobgoblins
  13 jackals
  2 quokkas
  7 bats
  7 frilled lizards
  11 goblins
  3 kobolds
  5 rats
104 creatures vanquished.

Notes
Turn   | Place    | Note
-------+----------+-------------------------------------------
     0 | D:1      | qw the Gargoyle Fighter began the quest for the Orb.
     0 | D:1      | Reached XP level 1. HP: 14/14 MP: 1/1
     0 | D:1      | 0 ||| qw: Version: 0.2-a-29-g1fa15c8
     0 | D:1      | 0 ||| qw: Game counter: 4972
     0 | D:1      | 0 ||| qw: Always use a shield: true
     0 | D:1      | 0 ||| qw: God list: Okawaru
     0 | D:1      | 0 ||| qw: Allow faded altars: false
     0 | D:1      | 0 ||| qw: Do Orc after D:15 true
     0 | D:1      | 0 ||| qw: Do second Lair branch before Depths: true
     0 | D:1      | 0 ||| qw: Lair rune preference: random
     0 | D:1      | 0 ||| qw: Plans: Normal, Zot:1-4, Slime:5, God:TSO, Crypt,
                  | Tomb, Abyss, Pan, Hells, Win
     0 | D:1      | 0 ||| PLANNING D:1-11
   102 | D:1      | Reached skill level 2 in Axes
   203 | D:1      | 203 ||| DROPPING +0 club.
   208 | D:1      | Reached XP level 2. HP: 19/19 MP: 2/2
   216 | D:1      | Found a faded altar of an unknown god.
   332 | D:1      | Reached skill level 3 in Axes
   385 | D:1      | 385 ||| Stepping ~*~*~tactically~*~*~ (hiding).
   434 | D:1      | Reached XP level 3. HP: 23/23 MP: 3/3
   578 | D:1      | 578 ||| Stepping ~*~*~tactically~*~*~ (stealth).
   633 | D:1      | 633 ||| Stepping ~*~*~tactically~*~*~ (stealth).
   722 | D:1      | 722 ||| DROPPING +0 whip.
   900 | D:1      | 900 ||| UPGRADING to +0 chain mail.
   910 | D:1      | 910 ||| DROPPING +0 scale mail.
   911 | D:1      | 911 ||| READING scroll labelled UCIJAR LORUM.
   912 | D:1      | 912 ||| READING scroll labelled RIMPE AGUKE NOG.
   913 | D:1      | 913 ||| READING scroll labelled ECHUAR TI JUYPT.
   994 | D:2      | Noticed a phantom
  1002 | D:2      | Killed a phantom
  1003 | D:2      | Reached skill level 4 in Axes
  1003 | D:2      | Reached XP level 4. HP: 28/28 MP: 4/4
  1003 | D:2      | Reached XP level 5. HP: 32/32 MP: 5/5
  1172 | D:2      | 1172 ||| Stepping ~*~*~tactically~*~*~ (stealth).
  1200 | D:2      | 1200 ||| Stepping ~*~*~tactically~*~*~ (stealth).
  1308 | D:2      | 1308 ||| Stepping ~*~*~tactically~*~*~ (hiding).
  1529 | D:2      | 1529 ||| UPGRADING to +0 helmet.
  1558 | D:2      | 1558 ||| Stepping ~*~*~tactically~*~*~ (hiding).
  1679 | D:2      | 1679 ||| UPGRADING to +0 pair of boots.
  1708 | D:2      | Reached skill level 5 in Axes
  1768 | D:2      | 1768 ||| Stepping ~*~*~tactically~*~*~ (stealth).
  2049 | D:2      | 2049 ||| UPGRADING to ring of willpower.
  2050 | D:2      | 2050 ||| READING scroll labelled POECWI GIUWN.
  2051 | D:2      | 2051 ||| READING scroll labelled DINGYH ELUWEO.
  2206 | D:3      | 2206 ||| Stepping ~*~*~tactically~*~*~ (stealth).
  2830 | D:3      | 2830 ||| DROPPING +0 mace.
  2831 | D:3      | 2831 ||| UPGRADING to +0 cloak.
  2836 | D:3      | 2836 ||| READING scroll labelled BIAB UNNYSH.
  2837 | D:3      | 2837 ||| DRINKING 2 fuming black potions.
  2874 | D:4      | Reached XP level 6. HP: 38/38 MP: 6/6
  2989 | D:4      | Found a runed translucent gate.
  2989 | D:4      | Found a runed translucent gate.
  2991 | D:4      | Found a runed translucent gate.
  2992 | D:4      | Noticed qw's ghost (novice GrFi)
  3134 | D:4      | 3134 ||| Stepping ~*~*~tactically~*~*~ (hiding).
  3138 | D:4      | 3138 ||| Stepping ~*~*~tactically~*~*~ (hiding).
  3311 | D:4      | 3311 ||| Stepping ~*~*~tactically~*~*~ (stealth).
  3323 | D:4      | HP: 9/38 [orc wizard/magic dart (2)]
  3328 | D:4      | Reached skill level 6 in Axes
  3689 | D:4      | Reached skill level 1 in Dodging
  3805 | D:4      | 3805 ||| UPGRADING to +0 pair of gloves.
  3873 | D:5      | Entered Level 5 of the Dungeon
  3879 | D:5      | Reached XP level 7. HP: 43/43 MP: 7/7
  3903 | D:5      | Noticed Eustachio
  3910 | D:5      | HP: 4/43 [ogre/+0 giant club (10)]
  3911 | D:5      | Slain by an iguana

Levels and vault maps discovered:
D:1:      wheals_arrival_shading, layout_loops_corners,
          hellmonk_ecumenical_altar_blasted
D:2:      layout_loops_ring, roderic_lattice_a, grunt_decor_junction,
          chequers_big_river, kennysheep_generic_room_9
D:3:      layout_basic
D:4:      layout_basic, gammafunk_ghost_necromancy, serial_curves,
          eino_curves_04, eino_curves_01
D:5:      layout_rooms, temple_fountains, uniq_ijyb, uniq_eustachio

Skill      XL: |  1  2  3  4  5  6 |
---------------+-------------------+-----
Axes           | 2 3 4 5 6 |  6.0
Fighting       | 4 |  4.0
Dodging        | 1 |  1.0
Armour         | |  3.6
Shields        | |  3.2

Action                     |  1- 3 |  4- 6 |  7- 9 || total
---------------------------+-------+-------+-------++-------
  Melee: War axe           |   100 |   208 |    16 ||   324
  Throw: Boomerang         |       |     9 |     4 ||    13
    Use: Scroll            |     3 |     3 |       ||     6
         Potion            |       |     1 |       ||     1
 Armour: Scale mail        |    49 |       |       ||    49
         Chain mail        |    14 |   128 |    12 ||   154
  Dodge: Dodged            |    55 |    67 |     7 ||   129
  Block: Buckler           |    14 |    31 |     2 ||    47

Table legend:
 A = Non-vault XP
 B = Vault XP
 C = Vault XP percentage of total XP
 D = Non-vault monster count
 E = Vault monster count
 F = Vault count percentage of total count
                 A         B        C        D         E       F
            +---------+---------+-------+---------+---------+-------
      Total |     637 |       2 |   0.3 |     103 |       1 |   1.0
            +---------+---------+-------+---------+---------+-------
        D:1 |      56 |       0 |   0.0 |      33 |       0 |   0.0
        D:2 |     188 |       2 |   1.1 |      26 |       1 |   3.7
        D:3 |      67 |       0 |   0.0 |      18 |       0 |   0.0
        D:4 |     279 |       0 |   0.0 |      21 |       0 |   0.0
        D:5 |      47 |       0 |   0.0 |       5 |       0 |   0.0
            +---------+---------+-------+---------+---------+-------
